 Dungeon Crawl Stone Soup version 0.19-a0-529-g411dd88 (webtiles) character file.

7473 uglyjohn the Martial Artist (level 11, -3/89 HPs)
             Began as a Human Monk on June 7, 2016.
             Was a High Priest of Hepliaklqana.
             Slain by a troll (10 damage)
             ... on level 10 of the Dungeon.
             The game lasted 00:21:04 (8937 turns).

uglyjohn the Martial Artist (Human Monk)            Turns: 8937, Time: 00:21:04

Health: -3/89      AC:  8    Str: 12    XL:     11   Next: 37%
Magic:  9/9        EV: 14    Int: 16    God:    Hepliaklqana [*****.]
Gold:   466        SH:  0    Dex: 25    Spells: 0 memorised, 10 levels left

rFire  . . .     SeeInvis .       - Unarmed
rCold  . . .     Gourm    .     K - +0 troll leather armour
rNeg   . . .     Faith    .     (no shield)
rPois  .         Spirit   .     (helmet restricted)
rElec  .         Dismiss  +     m - +2 cloak
rCorr  .         Reflect  .     (no gloves)
SustAt .         Harm     .     (no boots)
MR     .....                    G - amulet "Failaiwn" {Dismiss Dex+8}
Stlth  ++........               (no ring)
                                D - ring of flight

@: not resistant to hostile enchantments, unstealthy
A: horns 1, agile 1, clever 1, low mp 1, wild magic 1
a: Recall Ancestor, Ancestor Identity, Transference, Idealise, Renounce
Religion, Evoke Flight


You were on level 10 of the Dungeon.
You worshipped Hepliaklqana.
Hepliaklqana was extremely pleased with you.
You were not hungry.

You visited 1 branch of the dungeon, and saw 10 of its levels.

You collected 466 gold pieces.

Inventory:

Armour
 a - a +0 robe
 f - a +0 ring mail
 m - a +2 cloak (worn)
 E - a +0 chain mail
 K - a +0 troll leather armour (worn)
Jewellery
 D - a ring of flight (left hand)
 G - the amulet "Failaiwn" (around neck) {Dismiss Dex+8}
   (You found it on level 7 of the Dungeon)

   [amulet of dismissal]

   It may teleport away creatures that harm you.
   It affects your dexterity (+8).
Wands
 d - a wand of flame (20/48)
 i - a wand of digging (12/24)
 n - a wand of digging (4/24)
 v - a wand of iceblast (7/15)
 H - a wand of polymorph (6/24)
 I - a wand of flame (36/48)
 M - a wand of lightning (9/15)
 N - a wand of paralysis (5/24)
 P - a wand of enslavement (19/24)
 R - a wand of lightning (7/15)
Scrolls
 c - a scroll of noise
 h - 6 scrolls of teleportation
 j - 2 scrolls of enchant armour
 k - 5 scrolls of remove curse
 l - a scroll of enchant weapon
 r - 2 scrolls of amnesia {unknown}
 z - 2 scrolls of blinking {unknown}
 B - a scroll of immolation {unknown}
 C - a scroll of recharging {unknown}
 U - a scroll of fog {unknown}
 V - a scroll of random uselessness {unknown}
Potions
 e - a potion of agility {unknown}
 o - a potion of resistance
 q - 4 potions of lignification
 t - 5 potions of heal wounds
 u - 5 potions of curing
 x - a potion of magic
 A - a potion of degeneration
 F - a potion of haste
 J - 2 potions of flight
 L - a potion of berserk rage
 O - 3 potions of mutation {unknown}
 S - a potion of might {unknown}
 T - a potion of cancellation {unknown}
Books
 y - a book of Misfortune

   Spells                             Type                      Level
   a - Confusing Touch                Hexes                        2
   b - Confuse                        Hexes                        3
   c - Gell's Gravitas                Hexes/Translocation          3
   d - Petrify                        Transmutation/Earth          4
   e - Metabolic Englaciation         Hexes/Ice                    5
   f - Yara's Violent Unravelling     Hexes/Transmutation          5
Comestibles
 b - 12 bread rations
 g - 2 slices of pizza
 p - 4 meat rations
 s - 11 beef jerkies
 w - a fruit
 Q - 4 chunks of flesh


   Skills:
 + Level 9.0 Fighting
 + Level 8.4 Armour
 - Level 3.3 Dodging
 - Level 2.0 Stealth
 * Level 12.3 Unarmed Combat


You had 10 spell levels left.
You didn't know any spells.

Dungeon Overview and Level Annotations

Branches:
Dungeon (10/15)            Temple (0/1) D:6             Orc (0/2) D:9
   Lair: D:8-11

Altars:
Fedhas
Hepliaklqana
Ru
Sif Muna
Vehumet

Shops:
D:5 *[   D:6 =   D:8 [


Innate Abilities, Weirdness & Mutations

You have a pair of small horns on your head.
You are agile. (Dex +2)
Your mind is acute. (Int +2)
Your magical capacity is low. (-10% MP)
Your spells are a little harder to cast, but a little more powerful.


Message History

You are too injured to fight recklessly!
You are too injured to fight recklessly!
Unknown command.
You hit the troll.
The troll is lightly wounded.
Brom barely misses the yak.
The yak gores Brom!
The troll barely misses you. The troll closely misses you. The troll claws you!
* * * LOW HITPOINT WARNING * * *
You punch the troll!
The troll is moderately wounded.
The yak barely misses Brom.
You punch the troll! You headbutt the troll.
The troll is severely wounded.
Brom gestures at the yak while chanting.
The stone arrow hits the yak.
The yak dies!
The troll barely misses you. The troll claws you.
* * * LOW HITPOINT WARNING * * *
The troll claws you!
You die...

#.........≈≈≈≈≈≈≈
#.........≈≈≈≈≈≈≈
#####.........≈####≈≈ .
...............≈# ?# ≈ ..
######.##.#....≈# .# ...
# #.##.#....≈# T# ≈... #
#.........≈##T#≈≈...
######..#......≈≈RZ≈≈≈...
÷..##..........(@T†......
...............≈≈≈.≈≈≈...
...##.##.#.....≈≈#+##≈...
<..............≈≈# ...
...##..#.##....≈≈# .
...##.##.##.?..≈≈#
...#####.##....≈≈# ####
#.##....≈≈≈ # .)


You could see 3 trolls, a howler monkey skeleton and the friendly Brom the
battlemage.

Vanquished Creatures
  The ghost of richardnixon the Geomancer, a novice GrEE of Vehumet (D:10)
  Psyche (D:8)
  2 trolls
  Grinder (D:5)
  2 yaks (D:10)
  2 hippogriffs
  Menkaure (D:7)
  An orc warrior (D:8)
  An ice beast (D:5)
  2 ogres
  2 phantoms
  2 centaurs
  A giant frog (D:10)
  A scorpion (D:8)
  An electric eel (D:10)
  2 howler monkeys
  A centaur zombie (D:5)
  A giant frog zombie (D:8)
  2 quasits
  6 orc wizards
  A hound (D:10)
  4 jellies
  2 worker ants (D:10)
  A hound skeleton (D:5)
  A howler monkey skeleton (D:9)
  7 adders
  An ooze (D:2)
  2 worms (D:2)
  5 dart slugs
  4 giant geckos
  25 orcs
  8 bats
  4 giant cockroaches
  4 goblins
  8 hobgoblins
  7 jackals
  3 quokkas
  2 ball pythons
  A giant gecko zombie (D:5)
  5 giant newts
  7 kobolds
  A quokka skeleton (D:5)
  7 rats
143 creatures vanquished.

Vanquished Creatures (collateral kills)
  The ghost of cal the Carver, a novice HuFi of Hepliaklqana (D:7)
  A hill giant (D:8)
  Joseph (D:7)
  A troll (D:7)
  Sigmund (D:3)
  A wyvern (D:8)
  A yak (D:10)
  A hippogriff (D:9)
  Edmund (D:4)
  2 orc warriors
  An ice beast (D:3)
  A black bear (D:8)
  A sky beast (D:7)
  An ogre (D:4)
  2 centaurs (D:5)
  A giant frog (D:10)
  4 howler monkeys
  An electric eel (D:10)
  A quasit (D:5)
  A giant frog zombie (D:7)
  3 hounds
  5 orc wizards
  3 orc priests
  A giant frog skeleton (D:10)
  Terence (D:3)
  2 worker ants
  A hound zombie (D:7)
  2 adders
  2 shadow imps
  2 adder skeletons
  3 giant geckos
  8 orcs
  A kobold (D:3)
  A rat (D:3)
60 creatures vanquished.

Grand Total: 203 creatures vanquished

Notes
Turn   | Place    | Note
--------------------------------------------------------------
     0 | D:1      | uglyjohn the Human Monk began the quest for the Orb.
     0 | D:1      | Reached XP level 1. HP: 18/18 MP: 1/1
   307 | D:1      | Reached XP level 2. HP: 23/24 MP: 2/2
  1004 | D:2      | Reached XP level 3. HP: 27/29 MP: 3/3
  1419 | D:2      | Reached skill level 1 in Armour
  1745 | D:2      | Reached XP level 4. HP: 36/36 MP: 4/4
  2377 | D:2      | Found a hazy altar of Hepliaklqana.
  2377 | D:2      | Found a blossoming altar of Fedhas.
  2421 | D:2      | Reached XP level 5. HP: 40/42 MP: 5/5
  2445 | D:2      | Became a worshipper of Hepliaklqana
  2445 | D:2      | Reached * piety under Hepliaklqana
  2445 | D:2      | Reached ** piety under Hepliaklqana
  2446 | D:2      | Remembered your ancestor Brom as a battlemage
  2504 | D:2      | Found a radiant altar of Vehumet.
  2504 | D:2      | Found a sacrificial altar of Ru.
  2743 | D:3      | Reached skill level 5 in Unarmed Combat
  3103 | D:3      | Reached XP level 6. HP: 35/48 MP: 6/6
  3242 | D:3      | Noticed Terence
  3262 | D:3      | Killed Terence
  3372 | D:3      | Noticed Sigmund
  3381 | D:3      | Killed Sigmund
  3381 | D:3      | Reached skill level 6 in Unarmed Combat
  3381 | D:3      | Reached XP level 7. HP: 45/55 MP: 7/7
  3854 | D:4      | Reached skill level 5 in Fighting
  3920 | D:4      | Noticed Edmund
  3931 | D:4      | Killed Edmund
  3931 | D:4      | Reached skill level 7 in Unarmed Combat
  3931 | D:4      | Reached XP level 8. HP: 62/62 MP: 8/8
  4565 | D:5      | Entered Level 5 of the Dungeon
  4569 | D:5      | Noticed Grinder
  4580 | D:5      | Killed Grinder
  4581 | D:5      | Reached skill level 8 in Unarmed Combat
  4695 | D:5      | Found Cocs's Elemental Accessories.
  4807 | D:5      | Reached XP level 9. HP: 38/69 MP: 9/9
  5020 | D:5      | Found Jinnemau's Antique Armour Emporium.
  5079 | D:5      | Reached skill level 5 in Armour
  5138 | D:5      | Reached *** piety under Hepliaklqana
  5437 | D:6      | Found Ufootaov's Jewellery Boutique.
  5445 | D:6      | Found a staircase to the Ecumenical Temple.
  5502 | D:6      | Reached skill level 9 in Unarmed Combat
  5678 | D:6      | Found a deep blue altar of Sif Muna.
  6147 | D:7      | Reached **** piety under Hepliaklqana
  6182 | D:7      | Noticed cal's ghost (novice HuFi)
  6196 | D:7      | Killed cal's ghost
  6367 | D:7      | Noticed a troll
  6378 | D:7      | Killed a troll
  6378 | D:7      | Reached skill level 10 in Unarmed Combat
  6378 | D:7      | Reached XP level 10. HP: 25/79 MP: 10/10
  6614 | D:7      | Gained mutation: You are agile. (Dex +2) [mutagenic meat]
  6615 | D:7      | Gained mutation: Your mind is acute. (Int +2) [mutagenic meat]
  6616 | D:7      | Gained mutation: You have a pair of small horns on your head. [mutagenic meat]
  6617 | D:7      | Gained mutation: Your spells are a little harder to cast, but a little more powerful. [mutagenic meat]
  6618 | D:7      | Gained mutation: Your magical capacity is low. (-10% MP) [mutagenic meat]
  6760 | D:7      | Noticed Joseph
  6778 | D:7      | Killed Joseph
  6841 | D:7      | Noticed Menkaure
  6850 | D:7      | Killed Menkaure
  7074 | D:7      | Got an ancient ruby amulet
  7306 | D:8      | Noticed Psyche
  7317 | D:8      | Killed Psyche
  7317 | D:8      | Reached skill level 11 in Unarmed Combat
  7320 | D:8      | Identified the amulet "Failaiwn" {Dismiss Dex+8} (You found it on level 7 of the Dungeon)
  7778 | D:8      | Noticed a hill giant
  7808 | D:8      | Killed a hill giant
  7989 | D:8      | Found Vavun's Armour Shoppe.
  8284 | D:9      | Reached XP level 11. HP: 72/87 MP: 9/9
  8317 | D:9      | Reached ***** piety under Hepliaklqana
  8484 | D:9      | Found a staircase to the Orcish Mines.
  8724 | D:10     | Entered Level 10 of the Dungeon
  8724 | D:10     | Noticed richardnixon's ghost (novice GrEE)
  8732 | D:10     | Killed richardnixon's ghost
  8767 | D:10     | Reached skill level 12 in Unarmed Combat
  8937 | D:10     | Slain by a troll

Vault maps used:
D:1:      ncdulo_halloftheorcs
D:2:      kennysheep_six_static_rooms, gammafunk_temple_overflow_wave,
          amethyst_overflow_temple_binary, serial_curves, eino_curves_01,
          eino_curves_03, hex_medium, minmay_misc_feat_iff, corexii_corridor_pit
D:3:      minmay_door_path, first_bread, uniq_terence, uniq_sigmund
D:4:      grunt_ministairs_11, uniq_edmund
D:5:      serial_shops, kennysheep_mini, nicolae_elemental_shop, uniq_grinder
D:6:      minmay_temple_entry_trees, serial_shops, shop_statue,
          wad_floor_pattern_untrapped, led_sif_book
D:7:      hangedman_abyss_or_decor_passed, grunt_decor_fettered, uniq_joseph,
          uniq_menkaure
D:8:      serial_shops, shop_statue, uniq_psyche
D:9:      orc_0_dummy, grunt_ogre_cave, minmay_misc_feat_enclosed
D:10:     lemuel_troll_bridge, lair_0_dummy, serial_shops, shop,
          nicolae_trove_entry_crystal

Skill      XL: |  1  2  3  4  5  6  7  8  9 10 11 |
---------------+----------------------------------+-----
Armour         | 1 2 3 4 6 7 8 |  8.4
Unarmed Combat | 5 6 7 8 10 11 12 | 12.3
Fighting       | 4 5 6 7 8 9 |  9.0
Dodging        | |  3.3
Stealth        | |  2.0

Action                   |  1- 3 |  4- 6 |  7- 9 | 10-12 || total
-------------------------+-------+-------+-------+-------++-------
Melee: Unarmed           |   122 |   160 |   196 |   208 ||   686
       Punch             |       |     1 |     6 |    17 ||    24
       Headbutt          |       |       |       |    56 ||    56
Invok: Ancestor Life: Ba |       |     1 |       |       ||     1
Evoke: Wand              |       |       |       |     3 ||     3
  Use: Potion            |       |     1 |       |     1 ||     2
       Scroll            |       |       |     4 |    10 ||    14
 Stab: Sleeping          |     3 |       |       |       ||     3
       Distracted        |       |       |     3 |     3 ||     6
       Paralysed         |       |       |       |     5 ||     5
  Eat: Chunk             |     3 |     5 |     8 |    14 ||    30
       Fruit             |       |       |       |     1 ||     1
Armor: Robe              |    10 |       |       |       ||    10
       Ring mail         |    21 |    46 |    30 |       ||    97
       Chain mail        |       |       |    87 |    74 ||   161
       Troll leather arm |       |       |       |    15 ||    15
Dodge: Dodged            |    66 |   102 |    95 |    95 ||   358
